 Dungeon Crawl Stone Soup version 0.19.1 (webtiles) character file.

103 zeroDi the Sneak (level 4, -6/23 HPs)
             Began as a Vine Stalker Assassin on Dec 12, 2016.
             Killed by nerve-wracking pain
             ... invoked by an orc priest
              (9 damage)
             ... on level 3 of the Dungeon.
             The game lasted 00:05:22 (1987 turns).

zeroDi the Sneak (Vine Stalker Assassin)            Turns: 1987, Time: 00:05:23

Health: -6/23      AC:  3    Str: 14    XL:     4   Next: 79%
Magic:  0/5        EV: 12    Int: 11    God:
Gold:   90         SH:  0    Dex: 16    Spells: 0 memorised, 3 levels left

rFire  . . .     SeeInvis .     a - +2 dagger
rCold  . . .     Gourm    .     c - +0 robe
rNeg   . . .     Faith    .     (no shield)
rPois  .         Spirit   +     (no helmet)
rElec  .         Reflect  .     d - +0 cloak
rCorr  .         Harm     .     (no gloves)
MR     .....                    (no boots)
Stlth  +++.......               (no amulet)
                                (no ring)
                                (no ring)

@: no status effects
A: fangs 2, regeneration 1, magic shield, antimagic bite, no device heal 3, rot
immunity
a: no special abilities


You were on level 3 of the Dungeon.
You were hungry.

You visited 1 branch of the dungeon, and saw 3 of its levels.

You collected 90 gold pieces.


Innate Abilities, Weirdness & Mutations

You have extremely sharp teeth.
Your natural rate of healing is unusually fast.
When hurt, damage is shared between your health and your magic reserves.
Your bite disrupts and absorbs the magic of your enemies.
Potions and wands cannot restore your health.
You are immune to rotting.


   Skills:
 - Level 1.7 Fighting
 + Level 2.8 Short Blades
 - Level 1.7 Throwing
 + Level 1.7 Dodging
 * Level 6.2 Stealth


You had 3 spell levels left.
You didn't know any spells.

Inventory:

Hand Weapons
 a - a +2 dagger (weapon)
 b - a +0 blowgun
 v - a +0 hunting sling of freezing
Missiles
 e - 23 poisoned needles
 f - 2 curare-tipped needles {=f}
 h - 67 stones
 j - 5 tomahawks (quivered)
Armour
 c - a +0 robe (worn)
 d - a +0 cloak (worn)
Scrolls
 i - 2 scrolls of identify {unknown}
 m - 2 scrolls of teleportation {unknown}
 n - 3 scrolls of remove curse {unknown}
 u - a scroll of fog {unknown}
 w - a scroll of blinking {unknown}
Potions
 k - a potion of cancellation {unknown}
 o - 2 potions of heal wounds {unknown}
 q - a potion of ambrosia {unknown}
 s - a potion of cure mutation {unknown}
 t - a potion of lignification {unknown}
Comestibles
 g - 2 bread rations
 l - a fruit
 p - 3 slices of pizza
 r - 5 chunks of flesh

Dungeon Overview and Level Annotations

Branches:
Dungeon (3/15)

Altars:

Annotations:
D:2 Robin

## ## ####.. ..
.... ..
#.###.###..#
#o)@S......#
#.###.###... #
#.# .# # #.
#.###.#..
###.###........
..............<
####.....#####..
#..<.........
#......####..


You could see an orc priest and an adder.


Message History

The orc is almost dead.
You are feeling hungry.
The adder bites you.
* * * LOW HITPOINT WARNING * * *
The orc closely misses you.
You barely miss the orc.
The orc is almost dead.
You hear the slow rusting of a distant drain.
The adder bites you.
* * * LOW HITPOINT WARNING * * *
You barely miss the orc. You bite the orc, but do no damage.
The orc is almost dead.
The adder bites you but does no damage. The orc hits you with a flail.
* * * LOW HITPOINT WARNING * * *
You hit the orc.
You kill the orc!
The adder closely misses you.
The orc priest calls down the wrath of Beogh upon you.
Pain shoots through your body!
You die...

Action                   |  1- 3 |  4- 6 || total
-------------------------+-------+-------++-------
Melee: Dagger            |    88 |    71 ||   159
       Bite              |    17 |    17 ||    34
Throw: Tomahawk          |     5 |       ||     5
 Stab: Sleeping          |    13 |     5 ||    18
  Eat: Chunk             |     1 |     2 ||     3
Armor: Robe              |    10 |    12 ||    22
Dodge: Dodged            |    53 |    50 ||   103

Vault maps used:
D:1:      ncdulo_wetmaze
D:2:      corexii_shack, roderic_roman_lattice, uniq_robin
D:3:      grunt_temple_overflow_diamond, portal_sewer_entry_c

Notes
Turn   | Place    | Note
-------+----------+-------------------------------------------
     0 | D:1      | zeroDi the Vine Stalker Assassin began the quest for the Orb.
     0 | D:1      | Reached XP level 1. HP: 11/11 MP: 2/2
    42 | D:1      | Reached skill level 1 in Dodging
    45 | D:1      | Reached skill level 2 in Short Blades
    62 | D:1      | Reached skill level 5 in Stealth
    62 | D:1      | Reached XP level 2. HP: 15/15 MP: 3/3
   455 | D:1      | Reached XP level 3. HP: 13/18 MP: 4/4
   705 | D:2      | Noticed Robin
  1357 | D:2      | Gained mutation: Your natural rate of healing is unusually fast. [Vine Stalker growth]
  1357 | D:2      | Reached XP level 4. HP: 17/23 MP: 3/5
  1521 | D:2      | Reached skill level 6 in Stealth
  1987 | D:3      | Killed from afar by an orc priest

Vanquished Creatures
  An adder (D:2)
  An ooze (D:3)
  2 dart slugs (D:2)
  3 leopard geckos
  3 orcs (D:3)
  A ball python (D:2)
  4 bats
  3 giant cockroaches
  16 goblins
  10 hobgoblins
  6 jackals (D:3)
  7 kobolds
  A quokka (D:2)
  4 frilled lizards
  6 rats
68 creatures vanquished.
